 Dungeon Crawl Stone Soup version 0.31.0-9-g3a7656b989 (webtiles) character file.

Game seed: 15900500610803836280

426 Kallu the Apothecary (level 6, -1/41 HPs)
             Began as a Vampire Alchemist on Jan 29, 2024.
             Slain by an orc
             ... wielding a +1 heavy war axe
              (11 damage)
             ... on level 5 of the Dungeon.
             The game lasted 00:07:08 (4040 turns).

Kallu the Apothecary (Vampire Alchemist)            Turns: 4040, Time: 00:07:09

Health: -1/41      AC:  3    Str:  7    XL:     6   Next: 64%
Magic:  7/10       EV: 12    Int: 19    God:
Gold:   323        SH:  0    Dex: 15    Spells: 5/11 levels left

rFire   . . .        l - staff of air
rCold   + . .        (no shield)
rNeg    . . .        t - +0 robe {rC+}
rPois   .            (no helmet)
rElec   +            p - +0 cloak
rCorr   .            (no gloves)
SInv    +            (no boots)
Will    .....        (no amulet)
Stlth   ++           (no ring)
HPRegen 0.46/turn    (no ring)
MPRegen 0.12/turn

%: no passive effects
@: healing quickly
A: alive, fangs 3, see invisible, vampiric 2
a: Exsanguinate


You were on level 5 of the Dungeon.
You visited 1 branch of the dungeon, and saw 5 of its levels.

You collected 323 gold pieces.

Inventory:

Hand Weapons
 u - a +1 falchion of electrocution
Missiles
 e - 8 poisoned darts
 h - 3 darts of dispersal
Armour
 p - a +0 cloak (worn)
 t - a +0 robe of cold resistance (worn)
Magical Staves
 l - a staff of air (weapon)
Jewellery
 o - an amulet of faith
Scrolls
 a - a scroll of noise {unknown}
 f - a scroll of amnesia {unknown}
 g - 2 scrolls of identify {unknown}
 i - 2 scrolls of enchant weapon {unknown}
 j - 2 scrolls of blinking {unknown}
 k - a scroll of vulnerability {unknown}
 r - a scroll of brand weapon {unknown}
 s - a scroll of fog {unknown}
 v - a scroll of poison {unknown}
Potions
 b - a potion of magic
 c - 3 potions of haste {unknown}
 d - 2 potions of lignification {unknown}
 m - a potion of attraction {unknown}
 n - a potion of heal wounds {unknown}
 q - a potion of curing {unknown}


   Skills:
 - Level 2.1 Dodging
 - Level 3.0 Stealth
 - Level 3.0 Spellcasting
 - Level 1.0 Conjurations
 + Level 4.1 Air Magic
 - Level 6.1 Alchemy


You had 5 spell levels left.
You knew the following spells:

 Your Spells              Type           Power      Damage    Failure   Level
a - Sting                 Conj/Alch      64%        1d7       3%          1
b - Mercury Vapours       Alch/Air       66%        N/A       2%          2
c - Mephitic Cloud        Conj/Alch/Air  25%        N/A       10%         3

Your spell library contained the following spells:

 Spells                   Type           Power      Damage    Failure   Level
 Swiftness                Air            27%        N/A       9%          3
 Olgreb's Toxic Radiance  Alch           26%        N/A       12%         4
 Ensorcelled Hibernation  Hex/Ice        4%         N/A       22%         2
 Lesser Beckoning         Tloc           4%         N/A       22%         2
 Gell's Gravitas          Tloc           2%         N/A       41%         3
 Passwall                 Erth           2%         N/A       41%         3
 Teleport Other           Tloc           2%         N/A       41%         3
 Sticky Flame             Fire/Alch      14%        2d5       41%         4


Dungeon Overview and Level Annotations

Branches:
Dungeon (5/15)
 Temple: D:4-7

Altars:


Innate Abilities, Weirdness & Mutations

Your natural rate of healing is accelerated.
You have razor-sharp teeth.
You have supernaturally acute eyesight. (SInv)
You are afflicted with vampirism and can become a bat while bloodless.


Message History

The orc shouts! x3
Aiming: Sting (safe; 3% risk of failure)
Press: ? - help, Q - select action, (/) - cycle Shift-Dir - straight line, f/p - orc
Aim: an orc, wielding a +0 hand axe (heavily wounded, poisoned, 74% to hit)
The sting hits the orc!
The orc looks even sicker.
You kill the orc!
An orc wizard comes into view. It is wielding a +0 dagger.
There is an open door here.
Aiming: Sting (safe; 3% risk of failure)
Press: ? - help, Q - select action, (/) - cycle Shift-Dir - straight line, f - orc
Aim: an orc, wielding a +0 dagger (74% to hit)
The sting misses the orc.
Unknown command.
You hit the orc. Your bite misses the orc.
The orc is heavily wounded.
The orc hits you with a +0 dagger.
Aiming: Sting (safe; 3% risk of failure)
Press: ? - help, Q - select action, (/) - cycle Shift-Dir - straight line, f/p - orc
Aim: an orc, wielding a +0 dagger (heavily wounded, 74% to hit)
The sting hits the orc.
The orc is poisoned.
You kill the orc!
Unknown command.
You barely miss the orc. The orc closely misses you.
You barely miss the orc. You bite the orc, but do no damage.
The orc closely misses you.
You closely miss the orc. The orc closely misses you.
You hit the orc but do no damage.
The orc is electrocuted.
Your bite misses the orc.
The orc is heavily wounded.
You hit the orc but do no damage.
The orc is heavily wounded.
The orc hits you with a +1 heavy war axe!
You hit the orc but do no damage. Your bite misses the orc.
The orc is heavily wounded.
The orc hits you with a +1 heavy war axe!!
* * * LOW HITPOINT WARNING * * *
You hit the orc.
The orc is severely wounded.
The orc hits you with a +1 heavy war axe!
You die...

####....#####
#..........#
.#..........+
o'..o.......#
#....).....#
#...o......########
######............#
#...o..........###
#..@#..........#
#.†.#..........#
########'#.....#
#...#.....#
#...#.....#
#...#.....#
#...#...... #...+
.... #...#


You could see an orc.

Vanquished Creatures
  Blork the orc (D:4)
  A scorpion (D:5)
  2 orc priests
  A hound (D:4)
  An iguana (D:4)
  4 gnolls (D:4)
  5 adders
  2 ribbon worms
  10 orcs
  3 endoplasms
  2 giant cockroaches
  9 goblins
  11 hobgoblins
  2 jackals (D:4)
  4 kobolds
  4 quokkas
  5 ball pythons
  2 bats (D:1)
  7 frilled lizards
  3 rats
79 creatures vanquished.

Notes
Turn   | Place    | Note
-------+----------+-------------------------------------------
     0 | D:1      | Kallu the Vampire Alchemist began the quest for the Orb.
     0 | D:1      | Reached XP level 1. HP: 13/13 MP: 3/3
   187 | D:1      | Reached XP level 2. HP: 19/19 MP: 1/5
   856 | D:2      | Learned a level 2 spell: Mercury Vapours
  1183 | D:2      | Reached skill level 4 in Alchemy
  1269 | D:2      | Gained mutation: You are afflicted with vampirism and can
                  | become a bat while bloodless. [Vampire growth]
  1269 | D:2      | Reached XP level 3. HP: 24/24 MP: 7/7
  1273 | D:2      | Learned a level 3 spell: Mephitic Cloud
  1752 | D:3      | Reached XP level 4. HP: 30/30 MP: 1/8
  2083 | D:3      | Reached skill level 5 in Alchemy
  2656 | D:4      | Reached skill level 1 in Air Magic
  2805 | D:4      | Reached XP level 5. HP: 30/35 MP: 2/9
  3085 | D:4      | Reached skill level 1 in Conjurations
  3090 | D:4      | Noticed Blork the orc
  3240 | D:4      | Killed Blork the orc
  3241 | D:4      | Reached XP level 6. HP: 41/41 MP: 0/10
  3368 | D:4      | Reached skill level 6 in Alchemy
  3874 | D:5      | Entered Level 5 of the Dungeon
  4040 | D:5      | Slain by an orc

Illustrated notes

Levels and vault maps discovered:
D:1:      scummos_arrival_simple_fountains, layout_loops_cross,
          minmay_misc_feat_tower
D:2:      layout_basic
D:3:      layout_loops_cross, nrook_campfire
D:4:      layout_loops_ring, uniq_blork_the_orc
D:5:      layout_gridville, lemuel_coloured_pillars_altar, grunt_ministairs_6

Skill      XL: |  1  2  3  4  5  6 |
---------------+-------------------+-----
Alchemy        | 4 5 6 |  6.1
Spellcasting   | 3 |  3.0
Air Magic      | 2 3 4 |  4.1
Conjurations   | 1 |  1.0
Dodging        | |  2.1
Stealth        | |  3.0

Action                     |  1- 3 |  4- 6 || total
---------------------------+-------+-------++-------
  Melee: Unarmed           |    39 |       ||    39
         Punch             |     2 |     2 ||     4
         Bite              |     1 |    14 ||    15
         Staff             |    10 |   104 ||   114
   Cast: Sting             |    41 |    68 ||   109
         Mephitic Cloud    |     2 |     3 ||     5
         Mercury Vapours   |       |    11 ||    11
   Stab: Sleeping          |     1 |     3 ||     4
 Armour: Robe              |    26 |    70 ||    96
  Dodge: Dodged            |    35 |    91 ||   126
